 Dungeon Crawl Stone Soup version 0.17-a0-977-g4154171 (webtiles) character file.

49 inmateoo the Sneak (level 3, 0/21 HPs)
             Began as an Octopode Enchanter on May 10, 2015.
             Slain by a worm (11 damage)
             ... on level 2 of the Dungeon.
             The game lasted 00:03:10 (1099 turns).

inmateoo the Sneak (Octopode Enchanter)             Turns: 1099, Time: 00:03:10

Health: 0/21       AC:  1    Str:  7    XL:     3   Next: 75%
Magic:  2/6        EV: 12    Int: 18    God:
Gold:   68         SH:  0    Dex: 12    Spells: 2 memorised, 3 levels left

rFire  . . .     SeeInvis .     a - +1 dagger
rCold  . . .     Clarity  .     (no shield)
rNeg   . . .     SustAb   .     (helmet restricted)
rPois  .         Gourm    .     h - amulet of resist mutation
rElec  .         Spirit   .     (no ring)
rCorr  .         Warding  .     (no ring)
rMut   +         Stasis   .     (no ring)
MR     .....                    (no ring)
Stlth  ++++......               (no ring)
                                (no ring)
                                (no ring)
                                (no ring)

@: not resistant to hostile enchantments, stealthy
A: almost no armour, amphibious, 8 rings, constrict 8, camouflage 1, gelatinous
body 1
a: no special abilities


You were on level 2 of the Dungeon.
You were very hungry.

You visited 1 branch of the dungeon, and saw 2 of its levels.

You collected 68 gold pieces.

Inventory:

Hand weapons
 a - a +1 dagger (weapon)
Jewellery
 g - an uncursed amulet of regeneration {unknown}
 h - an amulet of resist mutation (around mantle)
Potions
 d - a potion of might
 e - a potion of invisibility
 j - a potion of beneficial mutation {unknown}
Books
 b - a book of Maledictions

   Spells                             Type                      Level
   a - Corona                         Hexes                        1
   b - Ensorcelled Hibernation        Hexes/Ice                    2
   c - Confuse                        Hexes                        3
   d - Tukima's Dance                 Hexes                        3
   e - Dazzling Spray                 Conjuration/Hexes            3
Comestibles
 c - 2 bread rations
 f - 3 meat rations
 i - 3 fruits


   Skills:
 + Level 1.5 Short Blades
 + Level 2.4 Dodging
 + Level 4.5 Stealth
 + Level 2.1 Spellcasting
 * Level 3.7 Hexes


You had 3 spell levels left.
You knew the following spells:

 Your Spells              Type           Power        Failure   Level  Hunger
a - Corona                Hex            ###....      4%          1    #......
b - Ensorcelled Hibernat  Hex/Ice        #.....       14%         2    ###....


Dungeon Overview and Level Annotations

Branches:
Dungeon (2/15)

Altars:


Innate Abilities, Weirdness & Mutations

You cannot wear most types of armour.
You are amphibious.
You can wear up to eight rings at the same time.
You can use your tentacles to constrict eight enemies at once.
Your skin changes colour to match your surroundings (Stealth).
Your rubbery body absorbs attacks (AC +1).


Message History

Aiming: Ensorcelled Hibernation
Press: ? - help, Shift-Dir - straight line, f/p - worm
Aim: a worm (chance 49%)
The worm resists with some effort.
All of the chunks of flesh in your inventory have rotted away.
The worm bites you!
Ouch! That really hurt!
You hit the worm. Your grab misses the worm. Your squeeze misses the worm.
The worm is lightly wounded.
The worm barely misses you.
You start resting.
You start resting.
A worm is nearby!
You start resting.
You start resting.
A worm is nearby!
You start resting.
The worm bites you!
Ouch! That really hurt!
You die...

#....w.......)'.....+
#.##....#######.....#
#.####### #.....# #.#
#< ########.... #.#
#.##<....# .....
#.######...####.#
..... #.#...##.#.#
.... #.#...####)####
#w#.(.##.@....#
#.#...##.#w...#
#.'........####
###........'..#
####.....##.# #.....#
# #.#+### ###


You could see a worm.

Vanquished Creatures
  2 adders (D:2)
  A worm (D:2)
  7 hobgoblins (D:1)
  4 kobolds
  5 bats (D:1)
  A giant cockroach (D:1)
  A giant gecko (D:1)
  2 giant newts (D:1)
  2 goblins
  4 rats (D:1)
29 creatures vanquished.

Notes
Turn   | Place    | Note
--------------------------------------------------------------
     0 | D:1      | inmateoo, the Octopode Enchanter, began the quest for the Orb.
     0 | D:1      | Reached XP level 1. HP: 11/11 MP: 3/3
   122 | D:1      | Reached XP level 2. HP: 10/17 MP: 3/5
   126 | D:1      | Learned a level 2 spell: Ensorcelled Hibernation
   609 | D:1      | Reached XP level 3. HP: 18/21 MP: 3/6
  1099 | D:2      | Slain by a worm

Vault maps used:
D:1:      minmay_arrival_wavy_path
D:2:      grunt_ministairs_10, uniq_jessica

Action                   || total
-------------------------++-------
Melee: Dagger            ||    55
 Cast: Corona            ||     5
       Ensorcelled Hiber ||    16
  Use: Scroll            ||     5
 Stab: Sleeping          ||    15
  Eat: Chunk             ||     1
